[Event "Late-Titled-Tuesday-Blitz-April-02-2024"]
[Site "Chess.com"]
[Date "2024.04.02"]
[Round "4"]
[White "1mbl4"]
[Black "JERO-8914"]
[Result "1-0"]
[WhiteElo "2629"]
[BlackElo "2451"]
[TimeControl "180+1"]
[EndTime "14:35:51 PDT"]
[Termination "1mbl4 won by resignation"]

1. e4 c6 2. d4 d5 3. exd5 cxd5 4. Bd3 Nc6 5. c3 e6 6. Nf3 Bd6 7. O-O Nge7 8. Re1 O-O 9. Nbd2 f6 10. c4 Bd7 11. a3 a5 12. b3 b6 13. Bb2 Ng6 14. g3 Nge7 15. Rc1 Kh8 16. Nh4 f5 17. f4 Ng6 18. Nxg6+ hxg6 19. Nf3 Be7 20. Qe2 Bf6 21. cxd5 exd5 22. Ne5 Rc8 23. Nxg6+ Kg8 24. Nxf8 Nxd4 25. Qf2 Rxc1 26. Rxc1 Nf3+ 27. Qxf3 Bxb2 28. Nxd7 Bxc1 29. Qxd5+ 1-0

[Event "Late-Titled-Tuesday-Blitz-April-02-2024"]
[Site "Chess.com"]
[Date "2024.04.02"]
[Round "4"]
[White "RebelJohnny"]
[Black "PapaieDudu"]
[Result "1-0"]
[WhiteElo "2606"]
[BlackElo "2385"]
[TimeControl "180+1"]
[EndTime "14:35:52 PDT"]
[Termination "RebelJohnny won by resignation"]

1. e4 c5 2. Nf3 d6 3. d4 cxd4 4. Nxd4 Nf6 5. Nc3 a6 6. Bg5 e6 7. f4 Nbd7 8. Qe2 Qc7 9. O-O-O b5 10. a3 Be7 11. g4 Bb7 12. Bh4 Nc5 13. Bg2 O-O 14. g5 Nfd7 15. f5 Rac8 16. fxe6 fxe6 17. Bh3 Ne5 18. Nxe6 Nxe6 19. Bxe6+ Kh8 20. Bxc8 Rxc8 21. Kb1 Qc5 22. Nd5 Bd8 23. Rhf1 Ng6 24. Bf2 Qc6 25.
h4 Ne5 26. Bd4 Ba5 27. Bxe5 dxe5 28. Ne7 1-0

[Event "Late-Titled-Tuesday-Blitz-April-02-2024"]
[Site "Chess.com"]
[Date "2024.04.02"]
[Round "4"]
[White "Angry_Twin"]
[Black "albi1999"]
[Result "1-0"]
[WhiteElo "2918"]
[BlackElo "2605"]
[TimeControl "180+1"]
[EndTime "14:35:53 PDT"]
[Termination "Angry_Twin won by checkmate"]

1. e4 c5 2. Nf3 a6 3. c3 d5 4. exd5 Nf6 5. d4 cxd4 6. Nxd4 Qxd5 7. Qb3 e5 8. Nf3 Nc6 9. Qxd5 Nxd5 10. Bc4 Nc7 11.
Ng5 Nd8 12. Be3 f6 13. Nf3 Be6 14. Nbd2 Nd5 15. O-O-O Rc8 16. Bb3 Nxe3 17. fxe3 Bc5 18. Rhe1 Ke7 19. Ne4 Bf5 20. Nxc5 Rxc5 21. e4 Be6 22.
Rd2 Nf7 23. Red1 Bxb3 24. Rd7+ Ke6 25. axb3 Rb5 26. Rc7 Nd6 27. Rxg7 Nxe4 28. Rdd7 Rxb3 29. Nh4 Nc5 30. Rge7# 1-0

[Event "Late-Titled-Tuesday-Blitz-April-02-2024"]
[Site "Chess.com"]
[Date "2024.04.02"]
[Round "4"]
[White "FairChess_on_YouTube"]
[Black "combidharma"]
[Result "1-0"]
[WhiteElo "3060"]
[BlackElo "2857"]
[TimeControl "180+1"]
[EndTime "14:35:58 PDT"]
[Termination "FairChess_on_YouTube won by resignation"]

1. d4 Nf6 2. c4 g6 3. Nc3 Bg7 4. e4 d6 5. h3 O-O 6. Be3 c5 7. Nf3 cxd4 8. Nxd4 Bd7 9. Be2 Nc6 10. O-O Nxd4 11. Bxd4 Bc6 12. Qc2 Nd7 13. Bxg7 Kxg7 14. Rad1 Rc8 15. Bg4 h5 16. Bxd7 Bxd7 17. b3 Qa5 18.
Qb2 f6 19. Nd5 Rf7 20. f4 Bc6 21. f5 g5 22. Qe2 Kh6 23. a4 Qc5+ 24. Kh2 a5 25. Qd2 b6 26. Rf3 Rg8 27. Rg3 Bxd5 28. exd5 h4 29. Re3 Kg7 30. Rde1 Re8 31. Qe2 Kf8 32.
Qh5 Rg7 33. Re6 Qc8 34. Qh8+ Kf7 35. Qh5+ Kf8 36. Qh8+ Kf7 37. Rxe7+ Rxe7 38. Rxe7+ 1-0

[Event "Late-Titled-Tuesday-Blitz-April-02-2024"]
[Site "Chess.com"]
[Date "2024.04.02"]
[Round "4"]
[White "bipe137"]
[Black "dolynachess"]
[Result "1-0"]
[WhiteElo "2661"]
[BlackElo "2518"]
[TimeControl "180+1"]
[EndTime "14:35:58 PDT"]
[Termination "bipe137 won by checkmate"]

1. d4 Nf6 2. c4 c5 3. d5 b5 4. Nf3 b4 5. Qc2 g6 6. e4 d6 7. a3 Bg7 8. Bd3 O-O 9. O-O a5 10. Re1 Ng4 11. h3 Ne5 12. Nxe5 Bxe5 13. Nd2 Nd7 14. Nf3 Bg7 15. Bf4 Qc7 16. Rac1 Re8 17. e5 Nxe5 18. Nxe5 dxe5 19. Bg3 Rb8 20. h4 e6 21. h5 Rb6 22. hxg6 hxg6 23. axb4 axb4 24. Ra1 Bb7 25. Ra7 Qb8 26. Rea1 Qc8 27. Be4 f5 28. Bd3 exd5 29. cxd5 Bxd5 30. Bc4 Qe6 31. Bxd5 Qxd5 32. Rd1 Qc6 33. Rdd7 Bf6 34. Bh4 Rf8 35. Bxf6 Qxf6 36.
Qc4+ Qe6 37. Rg7+ Kh8 38. Qh4# 1-0

[Event "Late-Titled-Tuesday-Blitz-April-02-2024"]
[Site "Chess.com"]
[Date "2024.04.02"]
[Round "4"]
[White "Fh2411"]
[Black "DreamsAreFake"]
[Result "0-1"]
[WhiteElo "2569"]
[BlackElo "2748"]
[TimeControl "180+1"]
[EndTime "14:36:02 PDT"]
[Termination "DreamsAreFake won by checkmate"]

1. d4 Nf6 2. Nf3 b6 3. Bf4 Bb7 4. e3 g6 5. Nbd2 Bg7 6. h3 O-O 7. Bd3 d6 8. O-O Nbd7 9. Qe2 c5 10. c3 Qc7 11. Bh2 e5 12. dxe5 dxe5 13. a4 a6 14. Rfd1 Rfe8 15. Bc4 h6 16. Ne1 Qc6 17. f3 e4 18. Nxe4 Nxe4 19. Bd5 Qxd5 20. Rxd5 Bxd5 21. fxe4 Bxe4 22. Rd1 Nf6 23. Nf3 Nd5 24. Nd2 Bc2 25.
Rc1 Nxe3 26. Nc4 Nxc4 27. Qxc2 Rad8 28. Rd1 Rxd1+ 29. Qxd1 Nxb2 30. Qb3 Nd3 31. Bg3 Re6 32. Qc4 Nc1 33. Qxa6 Ne2+ 34. Kf2 Nxc3 35. Qa8+ Kh7 36. Qa7 Bd4+ 37. Kf3 Re3+ 38. Kg4 h5+ 39. Kg5 Kg7 40. Bf4 Bf6# 0-1

[Event "Late-Titled-Tuesday-Blitz-April-02-2024"]
[Site "Chess.com"]
[Date "2024.04.02"]
[Round "4"]
[White "santosalberto1987"]
[Black "NateSolon"]
[Result "1-0"]
[WhiteElo "2518"]
[BlackElo "2686"]
[TimeControl "180+1"]
[EndTime "14:36:03 PDT"]
[Termination "santosalberto1987 won by resignation"]

1. e4 c5 2. Nf3 Nf6 3. Nc3 d5 4. exd5 Nxd5 5. Bc4 Nb6 6. Bb5+ Bd7 7. Bxd7+ Qxd7 8. O-O Nc6 9. Qe2 g6 10. Ne5 Qc7 11.
Nxc6 Qxc6 12. Qe5 f6 13. Qe4 Qxe4 14. Nxe4 Rc8 15. d3 Kf7 16. Bd2 Nd5 17. a3 e5 18.
c4 Nc7 19. f4 exf4 20. Rxf4 Be7 21. Bc3 Ne6 22. Rf2 f5 23. Bxh8 Rxh8 24. g4 f4 25. Nc3 Bf6 26. Kg2 h5 27. Nd5 Bd4 28. Rff1 g5 29. gxh5 Rxh5 30. Rae1 b6 31. b4 Bb2 32. b5 Bd4 33. a4 Rh6 34. Re4 1-0

[Event "Late-Titled-Tuesday-Blitz-April-02-2024"]
[Site "Chess.com"]
[Date "2024.04.02"]
[Round "4"]
[White "Doublekk14"]
[Black "VanRommel28"]
[Result "0-1"]
[WhiteElo "2360"]
[BlackElo "2569"]
[TimeControl "180+1"]
[EndTime "14:36:03 PDT"]
[Termination "VanRommel28 won on time"]

1. c4 g6 2. Nc3 Bg7 3. e3 d6 4.
Nf3 Nf6 5. d4 O-O 6. Be2 Nbd7 7.
O-O e5 8. dxe5 dxe5 9. e4 c6 10. h3 Qe7 11. Be3 Rd8 12. Qc2 Nh5 13. Rad1 Nf4 14. Bxf4 exf4 15. Qd2 g5 16. Nh2 Bf6 17. Bg4 Ne5 18. Qxd8+ Qxd8 19. Rxd8+ Bxd8 20. Bxc8 Rxc8 21. b3 Ba5 22. Rc1 Rd8 23. Rd1 Rd3 24. Rxd3 Nxd3 25. Nd1 Nc1 26. h4 h6 27. hxg5 hxg5 28. Kf1 Nxa2 29.
Nf3 f6 30. Nd4 Nc1 31. Nf5 Nxb3 32. Nd6 Nc5 33. f3 Bc7 34. Ne8 Be5 0-1

[Event "Late-Titled-Tuesday-Blitz-April-02-2024"]
[Site "Chess.com"]
[Date "2024.04.02"]
[Round "4"]
[White "Yaacovn"]
[Black "mightysmasher"]
[Result "1-0"]
[WhiteElo "2846"]
[BlackElo "2585"]
[TimeControl "180+1"]
[EndTime "14:36:09 PDT"]
[Termination "Yaacovn won by checkmate"]

1. d4 d5 2. Nf3 Nf6 3. Bf4 e6 4. e3 Bd6 5. Bg3 O-O 6. c4 Ne4 7. Nc3 Nxc3 8. bxc3 h6 9. Qc2 c6 10. Rb1 b6 11. cxd5 exd5 12. c4 dxc4 13. Bxc4 Bg4 14.
Ne5 Bxe5 15. Bxe5 Nd7 16. Bd6 Re8 17. O-O Qf6 18. Bg3 Rad8 19. h3 Bf5 20. Bd3 Bxd3 21.
Qxd3 Nc5 22. Qc2 Ne4 23. Be5 Qg6 24. f3 Nd6 25. Qxg6 fxg6 26. Bxd6 Rxd6 27. Kf2 Rde6 28. Rfe1 Rd6 29. Rbc1 Red8 30. Re2 Kf7 31. Rec2 Rc8 32. g4 Ke6 33. Ke2 g5 34. a4 Kf6 35. Rc4 g6 36. e4 Kf7 37. Ke3 h5 38. e5 Rd5 39.
Rxc6 Rxc6 40. Rxc6 Ra5 41. Rc4 Ke6 42. Ke4 Kd7 43. d5 Kd8 44. e6 b5 45. axb5 Rxb5 46. Ke5 a5 47. Rc6 Rb8 48. Ra6 Rb3 49. Ra7 Ke8 50.
Ra8+ Ke7 51. d6# 1-0

[Event "Late-Titled-Tuesday-Blitz-April-02-2024"]
[Site "Chess.com"]
[Date "2024.04.02"]
[Round "4"]
[White "JACK_BAU3R"]
[Black "remyrushbrooke"]
[Result "0-1"]
[WhiteElo "1876"]
[BlackElo "2238"]
[TimeControl "180+1"]
[EndTime "14:36:10 PDT"]
[Termination "remyrushbrooke won on time"]

1. d4 g6 2. Nc3 d5 3. Bf4 Bg7 4. e4 dxe4 5. Nxe4 Qxd4 6. Qxd4 Bxd4 7. Bxc7 Bf5 8. O-O-O Nc6 9. Nf3 Bg7 10. Ng3 Rc8 11.
Nxf5 gxf5 12. Bg3 e6 13. Bb5 Ne7 14. Be5 O-O 15. Bxg7 Kxg7 16. c3 a6 17. Ba4 b5 18.
Bc2 Nd5 19. Nd4 Nxd4 20. Rxd4 Kf6 21. f4 Rc5 22. Kb1 Rfc8 23. Re1 b4 24. Bb3 bxc3 25. Bxd5 cxb2 0-1

[Event "Late-Titled-Tuesday-Blitz-April-02-2024"]
[Site "Chess.com"]
[Date "2024.04.02"]
[Round "4"]
[White "ChempionBg"]
[Black "ricaurtelopezj1955"]
[Result "0-1"]
[WhiteElo "2271"]
[BlackElo "2166"]
[TimeControl "180+1"]
[EndTime "14:36:11 PDT"]
[Termination "ricaurtelopezj1955 won on time"]

1. d4 c5 2. d5 e6 3. Nc3 Nf6 4. e4 exd5 5. exd5 d6 6. Nf3 a6 7.
a4 g6 8. Be2 Bg7 9. O-O O-O 10.
Nd2 Re8 11. Nc4 Ne4 12. Nxe4 Rxe4 13. Bd3 Re8 14. Bf4 Be5 15. Nxe5 dxe5 16. Bh6 Nd7 17. f4 e4 18. Bc4 Qf6 19. c3 Rb8 20. a5 b5 21. axb6 Rxb6 22. Qc1 e3 23. f5 gxf5 0-1

[Event "Late-Titled-Tuesday-Blitz-April-02-2024"]
[Site "Chess.com"]
[Date "2024.04.02"]
[Round "4"]
[White "AllStarShark"]
[Black "Zkid"]
[Result "0-1"]
[WhiteElo "2526"]
[BlackElo "2838"]
[TimeControl "180+1"]
[EndTime "14:36:12 PDT"]
[Termination "Zkid won by resignation"]

1. c4 e6 2. g3 d5 3. Bg2 Nf6 4. Nf3 dxc4 5. Qa4+ Nbd7 6. Qxc4 a6 7.
O-O b5 8. Qc2 Bb7 9. d3 c5 10.
a4 Be7 11. axb5 axb5 12. Rxa8 Qxa8 13. Na3 Bc6 14. Ne1 Nd5 15. Bd2 O-O 16. e4 Nb4 17.
Bxb4 cxb4 18. Nb1 Rc8 19. Qe2 Qa2 20. Nf3 Nc5 21. Nd4 Be8 22. f4 Rd8 23. Qe3 Qxb2 24. Ne2 Rxd3 25. Qf2 Nb3 26. Nc1 Bc5 27. Nxd3 Bxf2+ 28. Nxf2 Nd4 29. Rd1 f6 30. e5 Bg6 31. Nd2 Ne2+ 32.
Kf1 Nc3 33. Nc4 Qe2+ 34. Kg1 Nxd1 0-1

[Event "Late-Titled-Tuesday-Blitz-April-02-2024"]
[Site "Chess.com"]
[Date "2024.04.02"]
[Round "4"]
[White "GMAkobianSTL"]
[Black "AjedrezenMadrid"]
[Result "1-0"]
[WhiteElo "2767"]
[BlackElo "2576"]
[TimeControl "180+1"]
[EndTime "14:36:15 PDT"]
[Termination "GMAkobianSTL won by resignation"]

1. d4 Nf6 2. c4 b6 3. Nc3 Bb7 4.
Nf3 g6 5. Bg5 Bg7 6. e3 O-O 7.
Be2 d5 8. O-O dxc4 9. Bxc4 Nbd7 10. Qe2 a6 11. a4 c5 12. d5 h6 13. Bh4 b5 14. axb5 axb5 15. Rxa8 Qxa8 16. Bxb5 Bxd5 17. Nxd5 Qxd5 18. Rd1 Qe6 19. h3 Ne5 20. Nxe5 Qxe5 21. Bg3 Qe6 22. Bc4 Qb6 23. b3 Ne4 24. Qf3 Nxg3 25. Qxg3 e6 26. Qd6 Qxd6 27. Rxd6 Rb8 28. g4 Bf6 29. Rd7 h5 30. gxh5 gxh5 31. Rc7 h4 32. Rxc5 Kg7 33. Rc7 Kg6 34. Bd3+ Kg7 35. Bc4 Kg6 36. f4 Bc3 37. Bd3+ 1-0

[Event "Late-Titled-Tuesday-Blitz-April-02-2024"]
[Site "Chess.com"]
[Date "2024.04.02"]
[Round "4"]
[White "Caracal3000"]
[Black "Romkachess"]
[Result "0-1"]
[WhiteElo "2543"]
[BlackElo "2676"]
[TimeControl "180+1"]
[EndTime "14:36:16 PDT"]
[Termination "Romkachess won by resignation"]

1. e4 c5 2. Nf3 d6 3. d4 cxd4 4. Nxd4 Nf6 5. Nc3 a6 6. f4 e5 7.
Nb3 Nc6 8. Be2 Be7 9. O-O O-O 10. Kh1 Be6 11. f5 Bxb3 12. axb3 Nb4 13. Bg5 Rc8 14. Bc4 b5 15. Bxf6 Bxf6 16. Bd5 Qb6 17. Qd2 Qd4 18.
Rfd1 Qxd2 19. Rxd2 Bg5 20. Re2 Rc7 21. g3 h5 22. h4 Bh6 23. Rd1 Rfc8 24. Kg2 Kf8 25. Kf3 Rxc3+ 26. bxc3 Rxc3+ 27. Kg2 Nxc2 28. Bb7 Ne3+ 29.
Rxe3 Bxe3 30. Rxd6 Rxb3 31. Bxa6 Rb2+ 32. Kf3 Bc5 0-1

[Event "Late-Titled-Tuesday-Blitz-April-02-2024"]
[Site "Chess.com"]
[Date "2024.04.02"]
[Round "4"]
[White "katharinareinecke"]
[Black "AsaHoffmann"]
[Result "0-1"]
[WhiteElo "2004"]
[BlackElo "2412"]
[TimeControl "180+1"]
[EndTime "14:36:17 PDT"]
[Termination "AsaHoffmann won by resignation"]

1. d4 Nf6 2. Nf3 d6 3. g3 c6 4. Bg2 Bf5 5. O-O h6 6. c4 Nbd7 7. Nc3 e5 8. dxe5 Nxe5 9. b3 Be7 10. Bb2 Qa5 11. e3 Rd8 12. Qe2 Bd3 13. Qd2 Bxf1 14. Rxf1 Qc7 15. Qc2 O-O 16. Nh4 Rfe8 17. Nf5 Bf8 18.
Ne4 Nxe4 19. Bxe4 g6 20. Nh4 Bg7 21. f4 Ng4 22. Bxg7 Kxg7 23. Nxg6 fxg6 24. Bxg6 Qe7 25. Bxe8 Qxe3+ 26. Kh1 Rxe8 27. Qb2+ Kf7 28. Qg2 Qe4 29. Qxe4 Rxe4 30. h3 Nf6 31. Kg2 Re2+ 32. Kf3 Rxa2 33. g4 Rb2 34. g5 Rxb3+ 35. Kg2 Nh5 36. gxh6 Kg6 37. f5+ Kxh6 38. f6 Rg3+ 39. Kh2 Rg8 40. f7 Rf8 41. h4 Kg6 42. Kh3 Rxf7 43. Rxf7 Kxf7 44. Kg4 Kg6 45. Kf3 a5 46. Ke4 b5 47. cxb5 cxb5 48. Kd5 a4 49. Kxd6 0-1

[Event "Late-Titled-Tuesday-Blitz-April-02-2024"]
[Site "Chess.com"]
[Date "2024.04.02"]
[Round "4"]
[White "andrzej"]
[Black "Zavgorodniy_Sergiy"]
[Result "0-1"]
[WhiteElo "2487"]
[BlackElo "2637"]
[TimeControl "180+1"]
[EndTime "14:36:19 PDT"]
[Termination "Zavgorodniy_Sergiy won on time"]

1. e4 c6 2. d4 d5 3. exd5 cxd5 4. Bd3 Nc6 5. c3 Nf6 6. Bf4 Bg4 7. Qb3 Qd7 8. Nd2 e6 9. Ngf3 Bd6 10. Bxd6 Qxd6 11. O-O O-O 12. Rae1 Rab8 13. a4 Bh5 14. Re3 Bg6 15. Qc2 a6 16. Rfe1 Rfc8 17. Bxg6 hxg6 18. Ng5 Nxd4 19. Qd3 Nf5 20. Rh3 Nh6 21. Ndf3 Re8 22. Ne5 Re7 23. Rxh6 gxh6 24. Ngxf7 Rxf7 25. Qxg6+ Rg7 26. Qxf6 Rf8 27. Qxh6 Rf5 28. Nd3 Kf7 29. Nc5 Rf6 30. Qh5+ Ke7 31. b4 Qf4 32. f3 Qd2 33. Rxe6+ Rxe6 34. Qh4+ Rf6 0-1

[Event "Late-Titled-Tuesday-Blitz-April-02-2024"]
[Site "Chess.com"]
[Date "2024.04.02"]
[Round "4"]
[White "sillypiggy2024"]
[Black "SergioMoralesG"]
[Result "0-1"]
[WhiteElo "1745"]
[BlackElo "2410"]
[TimeControl "180+1"]
[EndTime "14:36:19 PDT"]
[Termination "SergioMoralesG won by checkmate"]

1. d4 d5 2. c4 c6 3. Nf3 Nf6 4. Nc3 e6 5. e3 Nbd7 6. Qc2 Bd6 7. b3 O-O 8. Be2 e5 9. dxe5 Nxe5 10. Nxe5 Bxe5 11. O-O dxc4 12. Bxc4 b5 13. Bd3 b4 14. Bb2 Bxc3 15. Bxc3 bxc3 16. Qxc3 Be6 17. Rfd1 Qb6 18. Rac1 Rac8 19. h3 h6 20. Qe5 Rfd8 21. Bf5 Rxd1+ 22.
Rxd1 Qb5 23. Qxb5 cxb5 24. Bxe6 fxe6 25. Rd6 Kf7 26. Ra6 Rc7 27. Ra5 Rb7 28. Ra6 b4 29. Rc6 Nd5 30. Rc4 Nc3 31. a3 bxa3 32. Rxc3 a2 33.
Rc1 Rxb3 34. Kh2 Rb1 35. Rxb1 axb1=Q 36. g3 Kf6 37. Kg2 Ke5 38. Kh2 Ke4 39. Kg2 Qd1 40.
Kh2 Kf3 41. h4 Qf1 42. h5 Qg2# 0-1

[Event "Late-Titled-Tuesday-Blitz-April-02-2024"]
[Site "Chess.com"]
[Date "2024.04.02"]
[Round "4"]
[White "only_strong_moves"]
[Black "Jahonas"]
[Result "1-0"]
[WhiteElo "2742"]
[BlackElo "2502"]
[TimeControl "180+1"]
[EndTime "14:36:20 PDT"]
[Termination "only_strong_moves won by resignation"]

1. Nc3 d5 2. e4 dxe4 3. Nxe4 Nf6 4. Nxf6+ exf6 5. d4 Bd6 6. Bd3 O-O 7. Ne2 c5 8. Be3 cxd4 9. Nxd4 Nc6 10. Nxc6 bxc6 11. O-O Qc7 12. h3 Bb7 13. Qh5 g6 14. Qh4 Be5 15.
c3 Rfe8 16. Rae1 Rad8 17. Bc4 f5 18. Bxa7 c5 19. Bb5 Bh2+ 20. Kh1 Rxe1 21. Rxe1 Bd6 22. Qxd8+ Qxd8 23. Re8+ Qxe8 24. Bxe8 Kf8 25. Bb5 Ke7 26. a3 Kd8 27. Bb6+ Ke7 28. Kg1 f4 29. f3 Ke6 30.
Bc4+ Bd5 31. Bxd5+ Kxd5 32. b4 cxb4 33. cxb4 Kc4 34.
Kf2 Be5 35. Bc5 Kb5 36. Ke2 Bb2 37. Kd3 f5 38. a4+ Kxa4 39. Kc4 1-0

[Event "Late-Titled-Tuesday-Blitz-April-02-2024"]
[Site "Chess.com"]
[Date "2024.04.02"]
[Round "4"]
[White "flawian2008"]
[Black "Indefatigable11"]
[Result "1/2-1/2"]
[WhiteElo "2527"]
[BlackElo "2133"]
[TimeControl "180+1"]
[EndTime "14:36:20 PDT"]
[Termination "Game drawn by repetition"]

1. d4 Nf6 2. c4 e6 3. Nf3 d5 4. g3 Be7 5. Bg2 O-O 6. O-O dxc4 7. Ne5 c5 8. dxc5 Bxc5 9. Qc2 Qc7 10. Nxc4 Bd7 11. Bf4 Qc8 12. Nc3 Bc6 13. e4 Nbd7 14. Rad1 Rd8 15. Nd6 Bxd6 16. Bxd6 b6 17. Qe2 Qb7 18.
f4 Nc5 19. Bxc5 bxc5 20. e5 Bxg2 21. Qxg2 Nd5 22. Ne4 Qb4 23. Rfe1 Rab8 24. Re2 c4 25. Qf2 c3 26. bxc3 Nxc3 27. Rxd8+ Rxd8 28. Nxc3 Qxc3 29. Rc2 Qd3 30. Rc7 Qb1+ 31. Kg2 Qe4+ 32. Kh3 Qf5+ 33. Kg2 Qe4+ 34. Kh3 Qf5+ 35. Kg2 Qe4+ 1/2-1/2

[Event "Late-Titled-Tuesday-Blitz-April-02-2024"]
[Site "Chess.com"]
[Date "2024.04.02"]
[Round "4"]
[White "MarceloPlaya"]
[Black "nabukatnezarr"]
[Result "0-1"]
[WhiteElo "2381"]
[BlackElo "2618"]
[TimeControl "180+1"]
[EndTime "14:36:27 PDT"]
[Termination "nabukatnezarr won by resignation"]

1. e4 c6 2. d4 d5 3. e5 Bf5 4.
g4 Bg6 5. h4 h5 6. e6 Qd6 7.
exf7+ Bxf7 8. g5 Nd7 9. Nc3 e5 10. dxe5 Nxe5 11. Bf4 O-O-O 12. Qd2 Ne7 13. O-O-O N7g6 14. Bg3 Qb4 15. f4 Ng4 16. Nf3 Bc5 17. Kb1 Be3 18.
Qd3 Nxf4 19. Bxf4 Qxf4 20. Bh3 Kb8 21. Rhf1 Nf2 22. Qe2 Nxh3 23. Nd4 Nf2 24. Rd3 Bxd4 0-1

[Event "Late-Titled-Tuesday-Blitz-April-02-2024"]
[Site "Chess.com"]
[Date "2024.04.02"]
[Round "4"]
[White "Squirlolz"]
[Black "Mops_2004"]
[Result "0-1"]
[WhiteElo "2582"]
[BlackElo "2801"]
[TimeControl "180+1"]
[EndTime "14:36:33 PDT"]
[Termination "Mops_2004 won by resignation"]

1. e4 g6 2. Be2 Bg7 3. d3 d5 4. f4 dxe4 5. dxe4 Qxd1+ 6. Bxd1 Nc6 7. Nf3 e5 8. Nc3 Bg4 9. fxe5 O-O-O 10. O-O Bxf3 11.
gxf3 Bxe5 12. f4 Bxc3 13. bxc3 Nf6 14. Bf3 Rhe8 15. e5 Nd5 16. c4 Nb6 17. Bg4+ Kb8 18. Be2 Nb4 19. c5 Nd7 20. Rb1 Nxc2 21. c6 Nb6 22. cxb7 Nd4 23. Ba6 Rd5 24. Be3 Red8 25. Kf2 Ra5 26. Bd3 Rxa2+ 27. Kg3 Ra3 28. Rfd1 Rxd3 29.
Rxd3 Nf5+ 30. Kf2 Rxd3 31. Bc5 Kxb7 0-1

[Event "Late-Titled-Tuesday-Blitz-April-02-2024"]
[Site "Chess.com"]
[Date "2024.04.02"]
[Round "4"]
[White "dropstoneDP"]
[Black "Rashad_Zeynalli"]
[Result "1-0"]
[WhiteElo "2981"]
[BlackElo "2687"]
[TimeControl "180+1"]
[EndTime "14:36:36 PDT"]
[Termination "dropstoneDP won by resignation"]

1. e4 e5 2. Nf3 Nc6 3. Bc4 Nf6 4. d3 h6 5. Nc3 d6 6. a4 g5 7. Be3 Bg7 8. h4 g4 9. Nd2 Qe7 10. Nf1 Be6 11. Ng3 a6 12. Nd5 Bxd5 13. Nf5 Qf8 14.
Bxd5 O-O-O 15. Bxc6 bxc6 16. Qe2 h5 17. Bg5 Re8 18.
Bxf6 Bxf6 19. b4 d5 20. c3 c5 21. exd5 e4 22. O-O Bxc3 23. dxe4 cxb4 24. Qxa6+ Kb8 25. Rad1 Qc5 26. d6 c6 27. d7 Rd8 28.
Nd6 Qa7 29. Qxc6 Qxd7 30. Qb6+ Ka8 31. Nb5 Qe7 32. Nc7+ 1-0

[Event "Late-Titled-Tuesday-Blitz-April-02-2024"]
[Site "Chess.com"]
[Date "2024.04.02"]
[Round "4"]
[White "Smiechu"]
[Black "LikeWater"]
[Result "1-0"]
[WhiteElo "2496"]
[BlackElo "2628"]
[TimeControl "180+1"]
[EndTime "14:36:36 PDT"]
[Termination "Smiechu won by resignation"]

1. e4 Nf6 2. e5 Nd5 3. c4 Nb6 4. a4 a5 5. Ra3 d6 6. exd6 cxd6 7.
Rg3 Nc6 8. d4 e5 9. d5 Nd4 10. Bd3 Bf5 11. Ne2 Bxd3 12. Qxd3 Nxe2 13. Qxe2 Nxa4 14. O-O g6 15. f4 Bg7 16. fxe5 dxe5 17.
b3 Nc5 18. Qf2 O-O 19. Qxc5 f5 20. Bg5 Qb8 21. d6 a4 22. bxa4 f4 23. Rb3 Rf5 24. Qd5+ Kh8 25. Be7 Qa7+ 26. Kh1 Qxa4 27. Ra3 Qb4 1-0

[Event "Late-Titled-Tuesday-Blitz-April-02-2024"]
[Site "Chess.com"]
[Date "2024.04.02"]
[Round "4"]
[White "stasOR4ik"]
[Black "Cuchulin"]
[Result "1-0"]
[WhiteElo "2420"]
[BlackElo "2085"]
[TimeControl "180+1"]
[EndTime "14:36:37 PDT"]
[Termination "stasOR4ik won by resignation"]

1. c4 e6 2. e4 d5 3. exd5 exd5 4. cxd5 Nf6 5. Bb5+ Bd7 6. Bc4 Bc5 7. Nf3 Qe7+ 8. Qe2 Qxe2+ 9. Kxe2 O-O 10. d4 Re8+ 11. Be3 Bd6 12. Nc3 a6 13. a4 Bg4 14. h3 Bh5 15. g4 Bg6 16. Ne5 Bxe5 17. dxe5 Rxe5 18. f4 Rxe3+ 19. Kxe3 h5 20. f5 Bh7 21. Rhg1 Ne8 22. Kf4 Nd7 23. g5 Bxf5 24. Bxa6 Bxh3 25. Bxb7 Rb8 26. Bc6 Rxb2 27. Rg3 Bg4 28. Rxg4 hxg4 29. Bxd7 Nd6 30. Bxg4 Rb4+ 31. Kf3 Rb3 32. Rc1 Nc4 33.
Ke2 Nb6 34. a5 Nc4 35. a6 Ra3 36. Bc8 Nb6 37. Bb7 Kf8 38. Nb5 Ra2+ 39. Kd3 Ke7 40. Rxc7+ Ke8 41. Nd6+ Kf8 42. Rxf7+ Kg8 43. g6 Nxd5 44.
Bxd5 Rxa6 45. Rf6+ 1-0

[Event "Late-Titled-Tuesday-Blitz-April-02-2024"]
[Site "Chess.com"]
[Date "2024.04.02"]
[Round "4"]
[White "Korchmar_Vasiliy"]
[Black "N_Mullodzhanov"]
[Result "1-0"]
[WhiteElo "2733"]
[BlackElo "2561"]
[TimeControl "180+1"]
[EndTime "14:36:38 PDT"]
[Termination "Korchmar_Vasiliy won by checkmate"]

1. e4 c6 2. d4 d5 3. exd5 cxd5 4. Bd3 Nc6 5. c3 Nf6 6. h3 g6 7. Nf3 Bg7 8. O-O O-O 9. Bf4 Qb6 10. Qb3 Qxb3 11. axb3 a6 12. Nbd2 Nh5 13. Bh2 f5 14.
Rfe1 Nf6 15. Ne5 Ne4 16. Nxc6 bxc6 17. Nf3 Rb8 18. b4 Ra8 19. Ne5 Bb7 20. f3 Nf6 21.
Ra5 e6 22. Rea1 Ne8 23. Nd7 Rf7 24. Nc5 Bc8 25. Bxa6 Bxa6 26. Rxa6 Rc8 27. Nxe6 Re7 28. Nxg7 Nxg7 29. Be5 Nh5 30. Ra8 Rxa8 31. Rxa8+ Kf7 32. Rc8 Re6 33. Rc7+ Kg8 34. g4 fxg4 35. hxg4 Nf6 36. Kg2 h5 37. g5 Ne8 38. Rd7 Kf8 39. Kh3 Re7 40. Bd6 Nxd6 41. Rxd6 Re2 42. Rxg6 Rxb2 43.
Rxc6 Ke7 44. g6 Ra2 45. b5 Ra8 46. b6 Rf8 47. Kg3 h4+ 48. Kxh4 Rxf3 49. b7 Rf4+ 50. Kg5 Rf8 51. Rc8 Rxc8 52. bxc8=Q Kd6 53. Kf5 Ke7 54. Qc7+ Kf8 55. Kf6 Kg8 56. Qd8# 1-0

[Event "Late-Titled-Tuesday-Blitz-April-02-2024"]
[Site "Chess.com"]
[Date "2024.04.02"]
[Round "4"]
[White "yobdc"]
[Black "Rsnr"]
[Result "0-1"]
[WhiteElo "2592"]
[BlackElo "2874"]
[TimeControl "180+1"]
[EndTime "14:36:39 PDT"]
[Termination "Rsnr won by resignation"]

1. e4 c6 2. d4 d5 3. e5 Bf5 4. h4 h6 5. g4 Be4 6. f3 Bh7 7. e6 Nf6 8. Bd3 Qd6 9. exf7+ Kxf7 10. Ne2 Nbd7 11. Nbc3 e5 12. Bxh7 Rxh7 13. Rf1 Re8 14. Be3 exd4 15. Qxd4 c5 16. Qf4 d4 17. Qxd6 Bxd6 18. Nb5 Bb8 19. Bf2 Nd5 20. Kd2 Ne5 21. Ng3 Nc4+ 22. Kd1 Bf4 23. Ne4 a6 24. Na3 Nxb2+ 25.
Ke2 Nc3+ 26. Ke1 Nxe4 27. fxe4 Rxe4+ 28. Be3 Rxe3+ 29. Kf2 Rxa3 30. Kg2 g5 31. Rab1 Rxa2 0-1

[Event "Late-Titled-Tuesday-Blitz-April-02-2024"]
[Site "Chess.com"]
[Date "2024.04.02"]
[Round "4"]
[White "Kazan28"]
[Black "Cambek64"]
[Result "1-0"]
[WhiteElo "2660"]
[BlackElo "2512"]
[TimeControl "180+1"]
[EndTime "14:36:39 PDT"]
[Termination "Kazan28 won by resignation"]

1. d4 Nf6 2. c4 d6 3. Nc3 Bf5 4. Qb3 Qc8 5. g3 c6 6. Bg2 h6 7. Nf3 Nbd7 8. O-O e5 9. Be3 Be7 10.
d5 c5 11. Rae1 O-O 12. Bc1 Ne4 13. Nxe4 Bxe4 14. Bh3 Qc7 15. Nd2 Bh7 16. e4 a6 17.
a4 Rab8 18. Qd3 Bf6 19. Nb1 Rfe8 20. Nc3 Re7 21. f3 Qa5 22. Bd2 Qd8 23. Kg2 Nb6 24.
Rb1 Na8 25. b4 b6 26. Rb2 cxb4 27. Rxb4 Reb7 28. Rfb1 a5 29. R4b3 Nc7 30. Be3 Na6 31. Qe2 Nc5 32. Bxc5 bxc5 33. Rxb7 Rxb7 34. Rxb7 Bg6 35. Qb2 Kh7 36. Rb8 Qe7 37. Qb7 1-0